AoeStats
← 太阳当空照

Arena

509619548Analyzed
3v3 RM · 6d ago on Sep 27, 2026· 60m 53s· 6 players
Game mode
Random Map
Map size
Normal (6 player)
Population
200
Speed
Normal
Resources
Standard
Victory
Conquest
Starting age
Dark Age
Ending age
Imperial Age
RankedLock teamsTeams togetherTeam positionsShared explorationLock speedFull tech treeHidden civsTurbo modeCheats
Victory
Defeat
🇨🇳 Mongols · China
1248
+10
🇨🇳 Spanish · China
1209
+12
🇨🇳 Persians · China
1138
+15
🇹🇼 Danes · Taiwan
1125
-13
🇷🇺 Turks · Russia
1109
-12
🇷🇺 Wu · Russia
1107
-12
XIU
11:55 Feudal Age
14:31 Loom
17:10 Castle Age
16:12 Double-Bit Axe
16:43 Fletching
18:59 Bow Saw
22:57 Bodkin Arrow
24:29 Padded Archer Armor
26:43 Gold Mining
28:01 Wheelbarrow
28:36 Red Cliffs Tactics
29:59 Ballistics
31:46 Pikeman
32:26 Squires
37:52 Imperial Age
37:36 Scale Mail Armor
40:10 Two-Man Saw
39:03 Horse Collar
39:30 Elite Fire Archer
42:34 Conscription
45:54 Forging
45:50 Scale Barding Armor
45:46 Bracer
46:07 Leather Archer Armor
46:11 Chain Mail Armor
46:07 Forging
50:34 Hand Cart
51:15 Plate Mail Armor
51:20 Iron Casting
53:17 Chemistry
53:42 Light Cavalry
54:24 Husbandry
58:16 Blast Furnace
57:23 Scale Barding Armor
aa621514
11:23 Feudal Age
15:02 Castle Age
13:19 Double-Bit Axe
21:47 Bow Saw
21:57 Squires
23:06 Scale Mail Armor
23:54 Arson
24:23 Forging
24:29 Chain Mail Armor
24:04 Horse Collar
26:26 Wheelbarrow
27:42 Iron Casting
27:52 Gold Mining
30:42 Hand Cart
34:33 Loom
38:29 Imperial Age
37:18 Hamask
39:35 Masonry
39:18 Guard Tower
39:44 Elite Varangian Guard
41:39 Gold Shaft Mining
43:36 Plate Mail Armor
44:07 Blast Furnace
43:19 Pikeman
44:07 Halberdier
48:15 Onager
51:23 Conscription
51:45 Fletching
52:37 Bodkin Arrow
55:42 Northmen's Fury
59:48 Keep
60:14 Chemistry
59:01 Arrowslits
59:22 Siege Engineers
Michael嘉
13:02 Feudal Age
14:07 Double-Bit Axe
14:15 Gold Mining
16:37 Castle Age
21:35 Imperial Age
20:06 Bow Saw
19:54 Horse Collar
24:38 Wheelbarrow
36:01 Two-Man Saw
40:51 Hand Cart
40:45 Heavy Plow
42:56 Conscription
45:28 Loom
50:41 Elite Janissary
54:11 Padded Archer Armor
56:42 Leather Archer Armor
58:39 Husbandry
58:51 Bloodlines
59:21 Scale Barding Armor
59:27 Forging
太阳当空照
10:20 Feudal Age
14:36 Castle Age
12:58 Double-Bit Axe
13:55 Horse Collar
16:21 Heavy Plow
16:46 Loom
23:16 Wheelbarrow
25:02 Hand Cart
25:00 Bow Saw
25:03 Padded Archer Armor
26:02 Fletching
29:57 Imperial Age
27:31 Gold Mining
27:59 Bodkin Arrow
30:44 Bracer
32:42 Elite Skirmisher
33:27 Thumb Ring
35:07 Leather Archer Armor
37:24 Chemistry
36:45 Ballistics
37:33 Hoardings
37:35 Ring Archer Armor
45:21 Husbandry
45:31 Bloodlines
48:46 Cavalier
49:48 Forging
49:43 Scale Barding Armor
51:36 Iron Casting
52:13 Fortified Wall
53:46 Paladin
56:22 Blast Furnace
55:42 Chain Barding Armor
59:26 Scale Mail Armor
60:02 Plate Barding Armor
10001
4:25 Loom
12:47 Feudal Age
16:09 Castle Age
14:22 Double-Bit Axe
14:39 Horse Collar
16:37 Wheelbarrow
25:07 Hand Cart
25:03 Gold Mining
25:36 Bow Saw
28:03 Gold Shaft Mining
30:06 Imperial Age
27:51 Scale Barding Armor
28:01 Bloodlines
27:53 Stone Mining
28:14 Husbandry
28:34 Forging
28:15 Fletching
28:48 Ballistics
29:53 Chain Barding Armor
30:08 Iron Casting
29:50 Masonry
29:42 Scale Mail Armor
29:47 Cavalier
31:20 Stone Shaft Mining
31:09 Savar
32:47 Capped Ram
37:05 Blast Furnace
37:00 Stone Shaft Mining
37:09 Conscription
37:01 Citadels
39:25 Plate Barding Armor
38:46 Bodkin Arrow
39:54 Chemistry
39:24 Architecture
38:50 Murder Holes
39:42 Siege Ram
51:16 Hoardings
54:16 Chain Mail Armor
57:45 Caravan
59:40 Squires
59:02 Pikeman
59:29 Arson
59:10 Man-at-Arms
61:19 Two-Man Saw
60:57 Town Watch
61:46 Plate Mail Armor
61:18 Padded Archer Armor
61:31 Citadels
小虾米
10:32 Feudal Age
11:54 Double-Bit Axe
14:30 Castle Age
12:50 Horse Collar
13:30 Fletching
14:28 Loom
16:51 Bodkin Arrow
18:23 Bow Saw
26:01 Ballistics
26:03 Padded Archer Armor
28:46 Masonry
32:53 Fortified Wall
38:14 Town Watch
39:10 Wheelbarrow
44:48 Husbandry
45:54 Stone Mining
45:54 Gold Mining
47:01 Bloodlines
47:36 Gold Shaft Mining
47:36 Stone Shaft Mining
51:19 Imperial Age
49:16 Caravan
53:12 Chemistry
53:09 Conscription
52:10 Elite Mangudai
53:35 Bracer
55:11 Thumb Ring
55:32 Parthian Tactics
59:55 Leather Archer Armor
60:43 Capped Ram
Connection lost

Rejoining the realm…

Still unreachable

The connection could not be restored.

Session expired

The server has moved on; the page needs a fresh start.